 Dungeon Crawl Stone Soup version 0.25.1-9-gc5326a611f (webtiles) character file.

Game seed: 5785826154993279746

86 rockstonesolid the Ruffian (level 4, -3/32 HPs)
             Began as an Octopode Chaos Knight on Jan 12, 2022.
             Was a Plaything of Xom.
             Slain by a big kobold (4 damage)
             ... in a sewer.
             The game lasted 00:04:04 (2606 turns).

rockstonesolid the Ruffian (Octopode Chaos Knight)  Turns: 2606, Time: 00:04:05

Health: -3/32      AC:  1    Str: 12    XL:     4   Next: 50%
Magic:  5/5        EV: 13    Int: 12    God:    Xom [*.....]
Gold:   111        SH:  0    Dex:  9    Spells: 3/3 levels left

rFire    + . .     SeeInvis .     - Unarmed
rCold    + . .     Gourm    .   (no shield)
rNeg     + . .     Faith    .   (helmet restricted)
rPois    +         Spirit   .   (no amulet)
rElec    +         Reflect  .   m - ring of positive energy
rCorr    +         Harm     .   (no ring)
MR       .....                  (no ring)
Stlth    +++.......             (no ring)
HPRegen  0.10/turn              (no ring)
MPRegen  0.09/turn              (no ring)
                                (no ring)
                                (no ring)

@: mighty, resistant
A: almost no armour, stealthy swim, amphibious, 8 rings, constrict 8, camouflage
1, blink, clumsy 1, dopey 1, mutation resistance 1, screaming 1, gelatinous body
1
a: Blink, Renounce Religion


You were in a sewer.
You worshipped Xom.
You were a special plaything of Xom.
You were not hungry.

You visited 1 branch of the dungeon, and saw 3 of its levels.
You also visited: Sewer.

You collected 111 gold pieces.

Inventory:

Hand Weapons
 b - a +0 short sword
 k - a +0 hunting sling
 l - a +0 hunting sling
 n - a +0 war axe
Missiles
 f - 93 stones (quivered)
Jewellery
 m - a ring of positive energy (left tentacle)
Wands
 e - a wand of acid (5) {@v1}
Scrolls
 c - 2 scrolls of blinking {unknown}
 d - 3 scrolls of identify {unknown}
 i - a scroll of random uselessness {unknown}
Potions
 j - a potion of lignification {unknown}
Comestibles
 a - 2 rations


   Skills:
 + Level 3.6 Fighting
 - Level 2.3 Dodging
 * Level 4.2 Unarmed Combat
 * Level 2.0 Evocations


You had 3 spell levels left.
You didn't know any spells.
Your spell library was empty.

Dungeon Overview and Level Annotations

Branches:
Dungeon (3/15)              Sewer (1/1)

Altars:
Qazlal
Sif Muna
Zin


Innate Abilities, Weirdness & Mutations

You cannot wear most types of armour.
You are very stealthy in the water. (Stealth+)
You are amphibious.
You can wear up to eight rings at the same time.
You can use your tentacles to constrict eight enemies at once.
Your skin changes colour to match your surroundings (Stealth+).
Your rubbery body absorbs attacks. (AC +1, EV +1)
You can translocate small distances at will.
You are clumsy. (Dex -2)
You are dopey. (Int -2)
You are somewhat resistant to further mutation.
You occasionally shout uncontrollably at your foes.


Message History

The ooze completely resists.
You barely miss the big kobold. Your grab misses the big kobold.
A rat comes into view.
The big kobold hits you.
* * * LOW HITPOINT WARNING * * *
You tentacle-slap the big kobold. Your grab misses the big kobold.
Your squeeze misses the big kobold.
The big kobold splashes around in the water.
You tentacle-slap the big kobold. Your grab misses the big kobold.
The big kobold hits you.
* * * LOW HITPOINT WARNING * * *
It was a potion of might.
You feel very mighty all of a sudden.
Xom thinks this is hilarious!
The big kobold splashes around in the water.
It was a potion of resistance.
You feel protected. The big kobold hits you.
You die...
Xom titters!

..≈..≈≈≈≈.≈≈.##
.≈..#####..≈≈≈#
..# ##..≈.#
##≈≈.# #≈≈.#
#.≈.# ##≈.≈##
#≈≈≈r≈# #.###@#
#≈ #K# #≈ ##J##
#≈≈≈# #≈#≈#
#≈#≈# #≈#≈#
#.#.# #####


You could see a big kobold (corroded), an ooze and a rat.

Vanquished Creatures
  Robin (D:1)
  A shadow imp (D:3)
  2 worms
  3 dart slugs
  A leopard gecko (D:1)
  2 ball pythons (D:3)
  2 bats (D:1)
  A giant cockroach (D:1)
  10 goblins
  5 hobgoblins
  8 jackals (D:1)
  7 kobolds
  A quokka (D:2)
  2 frilled lizards
  4 rats
50 creatures vanquished.

Notes
Turn   | Place    | Note
-------+----------+-------------------------------------------
     0 | D:1      | rockstonesolid the Octopode Chaos Knight began the quest
                  | for the Orb.
     0 | D:1      | Reached XP level 1. HP: 16/16 MP: 1/1
    10 | D:1      | XOM: silly message
   173 | D:1      | Reached XP level 2. HP: 12/21 MP: 2/2
   174 | D:1      | XOM: divination: detect creatures
   189 | D:1      | XOM: divination: detect creatures
   402 | D:1      | XOM: silly message
   603 | D:1      | XOM: give mutations
   603 | D:1      | Gained mutation: You evolve. [Xom's grace]
   603 | D:1      | Lost mutation: You evolve. [Xom's grace]
   603 | D:1      | Gained mutation: You are somewhat resistant to further
                  | mutation. [Xom's grace]
   652 | D:1      | XOM: god gift: wand of acid (7)
   773 | D:1      | Reached XP level 3. HP: 26/26 MP: 3/3
   904 | D:1      | XOM: scenery: 1 doors open
  1294 | D:2      | Noticed Robin
  1304 | D:1      | Reached skill level 1 in Evocations
  1481 | D:2      | Found a stormy altar of Qazlal.
  1742 | D:1      | Killed Robin
  1742 | D:1      | Reached skill level 4 in Unarmed Combat
  1742 | D:1      | Reached XP level 4. HP: 20/31 MP: 3/5
  1990 | D:2      | XOM: butterfly on damage
  2026 | D:2      | XOM is BORED!
  2026 | D:2      | XOM: give mutations
  2026 | D:2      | Gained mutation: You occasionally shout uncontrollably at
                  | your foes. [Xom's mischief]
  2026 | D:2      | Gained mutation: You are clumsy. (Dex -2) [Xom's mischief]
  2026 | D:2      | Gained mutation: You can translocate small distances at
                  | will. [Xom's mischief]
  2198 | D:2      | XOM: give mutation
  2198 | D:2      | Gained mutation: You are dopey. (Int -2) [Xom's mischief]
  2232 | D:2      | Found a shimmering blue altar of Sif Muna.
  2232 | D:2      | Noticed a water moccasin
  2232 | D:2      | a worm changed into a water moccasin
  2232 | D:2      | XOM: polymorph worm -> water moccasin
  2233 | D:2      | Found a glowing silver altar of Zin.
  2296 | D:3      | XOM: 3-stop teleportation journey
  2509 | D:3      | Found a glowing drain.
  2539 | Sewer    | Entered a sewer
  2563 | Sewer    | XOM: silly message
  2588 | Sewer    | Noticed a big kobold
  2604 | Sewer    | HP: 1/32 [big kobold (5)]
  2606 | Sewer    | Slain by a big kobold

Illustrated notes

Levels and vault maps discovered:
D:1:      dpeg_arrival_shrine, layout_basic, minmay_misc_feat_chi,
          eino_curves_03
D:2:      layout_loops_ring, grunt_temple_overflow_open, lemuel_crystal_altar,
          serial_glass, glass_columns_a, glass_columns_b, glass_columns_c,
          glass_columns_a, glass_columns_c, glass_columns_a,
          due_unseen_surprise, feat_on_display, uniq_robin
D:3:      layout_loops_corners, grunt_dithmenos_smoke_and_mirrors,
          cheibrodos_sewer_entry_drain
Sewer:    sewer_co_tree

Skill      XL: |  1  2  3  4 |
---------------+-------------+-----
Evocations     | 1 2 |  2.0
Unarmed Combat | 4 |  4.2
Fighting       | |  3.6
Dodging        | |  2.3

Action                   |  1- 3 |  4- 6 || total
-------------------------+-------+-------++-------
Melee: Unarmed           |    88 |    43 ||   131
       Constrict         |    22 |     8 ||    30
       Tentacles         |    10 |     8 ||    18
       Punch             |     4 |       ||     4
Evoke: Wand              |       |     2 ||     2
  Use: Potion            |       |     2 ||     2
 Stab: Sleeping          |     1 |     2 ||     3
  Eat: Chunk             |     1 |     4 ||     5
Armor: Skin              |     2 |     1 ||     3
Dodge: Dodged            |    47 |    16 ||    63
